AoeStats
← 摆烂pia

Nomad

504770873Analyzed
4v4 RM · 26d ago on Sep 6, 2026· 41m 37s· 8 players
Game mode
Random Map
Map size
231×231
Population
200
Speed
Normal
Resources
Standard
Victory
Conquest
Starting age
Dark Age
Ending age
Imperial Age
RankedLock teamsTeams togetherTeam positionsShared explorationLock speedFull tech treeHidden civsTurbo modeCheats
Victory
Defeat
🇦🇷 Spanish · Argentina
1702
+9
🇨🇳 Chinese · China
1553
+14
🇻🇪 Goths · Venezuela
1461
+17
🇹🇼 Magyars · Taiwan
1460
+17
1555
-16
🇨🇳 Japanese · China
1550
-16
🇨🇳 Persians · China
1531
-29
🇨🇳 Vietnamese · China
1405
-10
Todas Mienten
14:39 Feudal Age
16:12 Double-Bit Axe
18:48 Castle Age
16:59 Fishing Lines
17:56 Scale Mail Armor
18:14 Stone Mining
19:49 Bow Saw
19:25 Horse Collar
21:18 Heavy Plow
22:52 Gillnets
23:25 Gold Mining
23:39 Town Watch
26:30 Loom
27:32 Wheelbarrow
28:12 Anarchy
29:39 Chain Mail Armor
31:21 Fletching
33:04 Ballistics
36:12 Imperial Age
34:32 Wheelbarrow
34:46 Coinage
36:34 Squires
36:45 Forging
37:41 Conscription
37:33 Perfusion
37:09 Capped Ram
38:50 Stone Shaft Mining
40:50 Pikeman
joosephy
5:43 Loom
6:56 Loom
13:37 Feudal Age
17:42 Castle Age
16:01 Double-Bit Axe
17:21 Stone Mining
17:23 Gold Mining
17:53 Fishing Lines
19:37 Bow Saw
20:14 Scale Barding Armor
22:13 Horse Collar
27:45 Chain Barding Armor
29:47 Bloodlines
29:38 Husbandry
30:58 Wheelbarrow
34:27 Hand Cart
34:08 Fletching
34:36 Town Watch
36:09 Thumb Ring
37:07 Ballistics
37:35 Bodkin Arrow
38:25 Padded Archer Armor
41:23 Imperial Age
40:41 Leather Archer Armor
gjizhijian6866
13:21 Feudal Age
14:00 Loom
16:57 Castle Age
15:23 Gold Mining
16:01 Double-Bit Axe
19:11 Horse Collar
23:32 Fletching
26:24 Ballistics
31:30 Fervor
38:37 Bodkin Arrow
43:25 Imperial Age
42:11 Bow Saw
41:56 Stone Mining
knife
3:34 Loom
13:12 Feudal Age
19:40 Castle Age
17:37 Fletching
19:30 Fishing Lines
20:22 Bodkin Arrow
21:32 Medium Warships
21:28 Gillnets
24:51 Double-Bit Axe
25:19 Horse Collar
29:13 Wheelbarrow
28:24 Town Watch
33:26 Bow Saw
33:16 Heavy Plow
37:18 Imperial Age
36:09 Ballistics
35:52 Padded Archer Armor
38:09 Bracer
39:31 Two-Man Saw
40:17 Leather Archer Armor
40:05 Great Wall
40:30 Conscription
40:40 Heavy Plow
40:32 Gold Mining
40:33 Stone Mining
41:56 Ring Archer Armor
儒门_重农抑商
4:44 Loom
13:47 Feudal Age
15:24 Town Watch
18:25 Castle Age
16:51 Double-Bit Axe
19:30 Medium Warships
19:40 Bow Saw
23:04 Scale Mail Armor
24:18 Horse Collar
28:51 Squires
30:24 Chain Mail Armor
31:40 Crossbowman
33:51 Fletching
36:25 Ballistics
38:04 Forging
38:07 Bodkin Arrow
39:11 Treadmill Crane
40:46 Iron Casting
摆烂pia
13:44 Feudal Age
14:13 Loom
17:54 Castle Age
16:30 Gold Mining
16:27 Double-Bit Axe
18:49 Wheelbarrow
18:56 Gold Shaft Mining
18:33 Bow Saw
18:11 Fishing Lines
19:15 Medium Warships
21:32 Hand Cart
21:11 Gillnets
23:57 Siphons
24:03 Clinker Construction
24:04 Careening
26:52 Masonry
33:40 Imperial Age
31:28 Scale Barding Armor
31:33 Forging
33:42 Chain Barding Armor
33:57 Iron Casting
33:27 Cavalier
34:17 Husbandry
34:50 Bloodlines
35:58 Plate Barding Armor
遥かに仰ぎ,麗しの
4:19 Loom
13:22 Feudal Age
17:40 Castle Age
16:47 Fletching
18:21 Bodkin Arrow
19:17 Husbandry
20:00 Ballistics
20:32 Padded Archer Armor
22:45 Double-Bit Axe
27:47 Bloodlines
30:28 Demolition Ship
摆烂pia
3:36 Loom
13:58 Feudal Age
18:16 Castle Age
16:09 Double-Bit Axe
17:11 Horse Collar
19:17 Bow Saw
21:38 Fletching
24:00 Gold Mining
24:26 Padded Archer Armor
25:12 Wheelbarrow
25:45 Bodkin Arrow
29:00 Leather Archer Armor
39:31 Imperial Age
37:47 Leather Archer Armor
38:19 Heavy Plow
39:38 Ballistics
Connection lost

Rejoining the realm…

Still unreachable

The connection could not be restored.

Session expired

The server has moved on; the page needs a fresh start.